 Dungeon Crawl Stone Soup version 0.24.1-11-gbbbb2193e6 (webtiles) character file.

Game seed: 16064525166921355355, levelgen mode: deterministic

5928 Curus the Cruncher (level 10, -6/91 HPs)
             Began as a Minotaur Gladiator on May 10, 2020.
             Was a Priest of Makhleb.
             Mangled by a basilisk (9 damage)
             ... on level 9 of the Dungeon.
             The game lasted 00:37:02 (7096 turns).

Curus the Cruncher (Minotaur Gladiator)             Turns: 7096, Time: 00:37:02

Health: -6/91      AC: 10    Str: 20    XL:     10   Next: 54%
Magic:  9/9        EV: 16    Int:  7    God:    Makhleb [***...]
Gold:   206        SH:  0    Dex: 12    Spells: 9/9 levels left

rFire    . . .     SeeInvis .   a - +1 quarterstaff
rCold    + . .     Gourm    .   (shield currently unavailable)
rNeg     . . .     Faith    .   t - +1 leather armour {rC+}
rPois    .         Spirit   .   k - +1 hat
rElec    .         Reflect  .   p - +2 cloak {+Inv}
rCorr    .         Harm     .   e - +1 pair of gloves
MR       .....                  (no boots)
Stlth    ++........             (no amulet)
HPRegen  0.25/turn              l - ring of stealth
MPRegen  0.11/turn              (no ring)

@: about to teleport
A: retaliatory headbutt, horns 2
a: Minor Destruction, Lesser Servant of Makhleb, Renounce Religion, Evoke
Invisibility


You were on level 9 of the Dungeon.
You worshipped Makhleb.
Makhleb was most pleased with you.
You were very hungry.

You visited 2 branches of the dungeon, and saw 10 of its levels.

You collected 296 gold pieces.
You spent 90 gold pieces at shops.

Inventory:

Hand Weapons
 a - a +1 quarterstaff (weapon)
Missiles
 d - 5 throwing nets (quivered)
Armour
 b - a +0 leather armour
 c - a +0 hat
 e - a +1 pair of gloves (worn)
 k - a +1 hat (worn)
 p - a +2 cloak of invisibility (worn)
 t - a +1 leather armour of cold resistance (worn)
Jewellery
 l - a ring of stealth (left hand)
 o - a -3 ring of intelligence
 r - an uncursed ring of teleportation
Wands
 s - a wand of flame (23)
 u - a wand of paralysis (10)
 v - a wand of polymorph (5)
Scrolls
 g - 5 scrolls of identify
 h - 3 scrolls of amnesia
 i - 3 scrolls of teleportation
 m - 6 scrolls of remove curse
Potions
 j - 5 potions of curing
 n - 2 potions of haste
 q - 2 potions of ambrosia
 w - a potion of magic
 x - a potion of cancellation
 z - a potion of flight
Comestibles
 f - 21 rations
 A - a chunk of flesh


   Skills:
 + Level 9.3 Fighting
 - Level 14.0 Staves
 - Level 2.0 Throwing
 + Level 8.9 Dodging


You had 9 spell levels left.
You didn't know any spells.
Your spell library was empty.

Dungeon Overview and Level Annotations

Branches:
Dungeon (9/15)             Temple (1/1) D:5
   Lair: D:8-11         Orc: D:9-12

Altars:
Ashenzari
Cheibriados
Dithmenos
Elyvilon
Fedhas
Gozag
Hepliaklqana
Kikubaaqudgha
Makhleb
Nemelex Xobeh
Okawaru
Qazlal
Ru
Trog
Uskayaw
Vehumet
Wu Jian
Xom
Yredelemnul
Zin
The Shining One

Shops:
D:9 =[


Innate Abilities, Weirdness & Mutations

You reflexively headbutt those who attack you in melee.
You have a pair of horns on your head.


Message History

The basilisk bites you! The basilisk bites you! x2
* * * LOW HITPOINT WARNING * * *
The basilisk gazes at you. You resist with some effort.
The basilisk bites you but does no damage.
You turn to flesh and can move again.
You hit the basilisk. You headbutt the basilisk!
The basilisk is heavily wounded.
The basilisk bites you!
* * * LOW HITPOINT WARNING * * *
You hit the basilisk but do no damage. Your headbutt misses the basilisk.
The basilisk is heavily wounded.
You closely miss the basilisk.
The basilisk is heavily wounded.
The basilisk bites you!
* * * LOW HITPOINT WARNING * * *
As you read the scroll of teleportation, it crumbles to dust.
You feel strangely unstable. The basilisk bites you!
You die...

#..####.##...#.#.# #.#.#.
###.................## ##....
#...................<###.#..)
#.#...##........##..#.#.####.
.......#........###...........
####.#..........##
##.#...##### #.#..#.....###
##...## #>#..##....## ##.##
#..###.#†@# #.# #.. #.##l# #.#
#.#.Y.. #.# #.#.#.... #. ..>.
.P.P.P .#PP ...... ..P. ....♣Y
..P♣ .....


You could see a yak and a basilisk.

Vanquished Creatures
  Maurice (D:8)
  A hornet (D:9)
  A hippogriff (D:7)
  A basilisk (D:8)
  4 yaks (D:9)
  A hungry ghost (D:9)
  Menkaure (D:5)
  3 porcupines (D:9)
  3 orc warriors
  A black bear (D:6)
  4 ice beasts
  A sky beast (D:8)
  A necrophage (D:6)
  4 ogres
  4 phantoms
  A hornet zombie (D:9)
  3 centaurs
  A big kobold (D:7)
  2 crocodiles
  3 bullfrogs
  A water moccasin zombie (D:9)
  A scorpion (D:9)
  3 killer bees (D:7)
  3 howler monkeys
  3 crimson imps
  4 hounds
  2 centaur zombies (D:6)
  5 jellies
  3 orc priests
  10 orc wizards
  2 worker ants
  A hound skeleton (D:5)
  A worker ant zombie (D:6)
  12 adders
  5 gnolls
  5 shadow imps
  7 oozes
  2 adder skeletons
  3 worms
  3 dart slugs (D:1)
  2 leopard geckos
  32 orcs
  7 bats
  2 giant cockroaches
  9 hobgoblins
  12 jackals
  2 quokkas (D:5)
  A ball python (D:4)
  8 frilled lizards
  7 goblins
  2 goblin skeletons (D:8)
  A hobgoblin zombie (D:8)
  A jackal zombie (D:8)
  9 kobolds
  A kobold skeleton (D:8)
  A kobold zombie (D:8)
  2 orc skeletons (D:8)
  An orc zombie (D:8)
  A quokka skeleton (D:4)
  12 rats
230 creatures vanquished.

Vanquished Creatures (others)
  A bush (D:9)
  11 plants (D:9)
12 creatures vanquished.

Grand Total: 242 creatures vanquished

Notes
Turn   | Place    | Note
-------+----------+-------------------------------------------
     0 | D:1      | Curus the Minotaur Gladiator began the quest for the Orb.
     0 | D:1      | Reached XP level 1. HP: 18/18 MP: 0/0
   116 | D:1      | Reached skill level 4 in Staves
   193 | D:1      | Reached XP level 2. HP: 25/25 MP: 1/1
   297 | D:1      | Reached skill level 5 in Staves
   316 | D:1      | Reached XP level 3. HP: 29/30 MP: 2/2
  1165 | D:2      | Reached skill level 6 in Staves
  1165 | D:2      | Reached XP level 4. HP: 37/37 MP: 3/3
  1372 | D:2      | Found a faded altar of an unknown god.
  1674 | D:3      | Reached skill level 7 in Staves
  1674 | D:3      | Reached XP level 5. HP: 21/42 MP: 4/4
  1790 | D:3      | You fall into a shaft and drop 3 floors!
  1804 | D:6      | Noticed a necrophage
  1815 | D:6      | Killed a necrophage
  1815 | D:6      | Reached skill level 8 in Staves
  1815 | D:6      | Reached XP level 6. HP: 33/50 MP: 5/5
  1918 | D:6      | Reached skill level 9 in Staves
  1963 | D:6      | Reached XP level 7. HP: 29/56 MP: 6/6
  2187 | D:6      | Reached skill level 10 in Staves
  2273 | D:5      | Entered Level 5 of the Dungeon
  2273 | D:5      | Found a staircase to the Ecumenical Temple.
  2291 | Temple   | Entered the Ecumenical Temple
  2335 | Temple   | Became a worshipper of Makhleb the Destroyer
  2384 | D:4      | Found a basalt altar of Yredelemnul.
  2563 | D:4      | Found a sacrificial altar of Ru.
  2660 | D:3      | Found a burning altar of Makhleb.
  2662 | D:3      | Found a blossoming altar of Fedhas.
  2662 | D:3      | Found a shimmering altar of Xom.
  2671 | D:3      | Found an opulent altar of Gozag.
  2671 | D:3      | Found a glowing golden altar of the Shining One.
  2671 | D:3      | Found a radiant altar of Vehumet.
  2961 | D:4      | Noticed a moth of wrath
  2968 | D:4      | Found a bloodstained altar of Trog.
  3113 | D:5      | Found a shattered altar of Ashenzari.
  3132 | D:5      | Reached * piety under Makhleb
  3165 | D:5      | Reached skill level 11 in Staves
  3322 | D:5      | Reached XP level 8. HP: 48/62 MP: 7/7
  3345 | D:5      | Noticed Menkaure
  3353 | D:5      | Killed Menkaure
  3446 | D:5      | Reached skill level 12 in Staves
  3791 | D:5      | Found an ancient bone altar of Kikubaaqudgha.
  3794 | D:5      | Found an iron altar of Okawaru.
  3795 | D:5      | Found a snail-covered altar of Cheibriados.
  3796 | D:5      | Found a blossoming altar of Fedhas.
  3797 | D:5      | Found a stormy altar of Qazlal.
  4549 | D:7      | Reached skill level 13 in Staves
  4683 | D:7      | Reached ** piety under Makhleb
  4707 | D:7      | Found a hazy altar of Hepliaklqana.
  4712 | D:7      | Reached XP level 9. HP: 43/68 MP: 8/8
  4721 | D:7      | Reached skill level 14 in Staves
  5674 | D:8      | Found Zin's Purification Station.
  5674 | D:8      | Found a glowing silver altar of Zin.
  5675 | D:8      | Noticed Maurice
  5789 | D:7      | Reached skill level 5 in Dodging
  5861 | D:7      | Reached skill level 5 in Fighting
  6225 | D:8      | Bought a potion of curing for 90 gold pieces
  6340 | D:8      | Found a glowing golden altar of the Shining One.
  6475 | D:8      | Killed Maurice
  6546 | D:8      | Found the +0 Maxwell's etheric cage {RegenMP+ *Contam rElec
                  | MP+4}
  6638 | D:8      | Reached *** piety under Makhleb
  6647 | D:8      | Reached XP level 10. HP: 71/86 MP: 9/9
  6884 | D:9      | Found a hazy altar of Hepliaklqana.
  6983 | D:9      | Found Oniafemn's Armour Boutique.
  6987 | D:9      | Found Cudug's Jewellery Shop.
  7095 | D:9      | HP: 3/91 [basilisk (12)]
  7096 | D:9      | Mangled by a basilisk

Levels and vault maps discovered:
D:1:      minmay_arrival_four_circles, layout_basic
D:2:      layout_basic, chequers_ecumenical_altar_grove
D:3:      layout_rooms, doesnt_xom_only_xom, first_ration
D:4:      layout_rooms, tgw_trog, nicolae_ru_the_path_less_chosen,
          yredelemnul_altar_generic
D:5:      layout_basic, nicolae_ashenzari_panopticon, minitemple,
          minmay_temple_entry_mist, uniq_menkaure
D:6:      layout_basic
D:7:      layout_basic, overflow_temple_1_default
D:8:      layout_basic, zin_purify, hangedman_little_slice_of_home,
          nicolae_tso_besieged_by_evil, uniq_maurice
D:9:      layout_loops_ring, tgw_sif, minmay_lair_entry_grove, basic_altar,
          serial_shops, shop, shop, nicolae_shop_behind_doors, uniq_erica
Temple:   cyrus_temple_forest

Skill      XL: |  1  2  3  4  5  6  7  8  9 10 |
---------------+-------------------------------+-----
Staves         | 4 5 6 7 8 9 11 13 14 | 14.0
Fighting       | 7 9 |  9.3
Dodging        | 7 8 |  8.9
Throwing       | |  2.0

Action                   |  1- 3 |  4- 6 |  7- 9 | 10-12 || total
-------------------------+-------+-------+-------+-------++-------
Melee: Quarterstaff      |    70 |    96 |   396 |   127 ||   689
       Headbutt          |     6 |    14 |    71 |    26 ||   117
Invok: Minor Destruction |       |       |     2 |     1 ||     3
Evoke: Wand              |       |       |     2 |     2 ||     4
  Use: Scroll            |     5 |     2 |     7 |     2 ||    16
       Potion            |     3 |     5 |     4 |     1 ||    13
 Stab: Sleeping          |       |     1 |     4 |     2 ||     7
       Distracted        |       |       |     2 |       ||     2
       Paralysed         |       |       |     4 |       ||     4
  Eat: Chunk             |     1 |     2 |     8 |     2 ||    13
       Ration            |       |       |     2 |       ||     2
Armor: Leather armour    |    13 |    16 |    81 |    19 ||   129
Dodge: Dodged            |    31 |    58 |   146 |    46 ||   281
